 Dungeon Crawl Stone Soup version 0.19.1 (webtiles) character file.

166 ChaseSP the Spear-Bearer (level 5, -9/41 HPs)
             Began as a Merfolk Fighter on Nov 30, 2016.
             Killed by divine providence
             ... invoked by an orc priest
              (12 damage)
             ... on level 3 of the Dungeon.
             The game lasted 00:03:55 (2356 turns).

ChaseSP the Spear-Bearer (Merfolk Fighter)          Turns: 2356, Time: 00:03:55

Health: -9/41      AC: 11    Str: 18    XL:     5   Next: 47%
Magic:  5/5        EV: 12    Int:  7    God:
Gold:   189        SH:  9    Dex: 13    Spells: 0 memorised, 4 levels left

rFire  . . .     SeeInvis .     a - +0 trident
rCold  . . .     Gourm    .     y - +3 scale mail
rNeg   . . .     Faith    .     c - +0 shield
rPois  .         Spirit   .     p - +0 helmet
rElec  .         Reflect  .     (no cloak)
rCorr  .         Harm     .     (no gloves)
MR     .....                    x - +0 pair of boots
Stlth  ..........               (no amulet)
                                u - +1 ring of evasion
                                j - +4 ring of evasion

@: no status effects
A: change form in water, swift swim, stealthy swim
a: no special abilities


You were on level 3 of the Dungeon.
You were not hungry.

You visited 1 branch of the dungeon, and saw 3 of its levels.

You collected 189 gold pieces.

Inventory:

Hand Weapons
 a - a +0 trident (weapon)
 t - a +0 glaive
Armour
 c - a +0 shield (worn)
 p - a +0 helmet (worn)
 x - a +0 pair of boots (worn)
 y - a +3 scale mail (worn)
Jewellery
 j - a +4 ring of evasion (left hand)
 s - an uncursed ring of ice
 u - a +1 ring of evasion (right hand)
Wands
 l - a wand of confusion (23/48)
Scrolls
 g - a scroll of fog {unknown}
 n - a scroll of identify {unknown}
 q - a scroll of remove curse {unknown}
 w - a scroll of blinking {unknown}
Potions
 b - 2 potions of degeneration {unknown}
 d - 2 potions of might
 i - a potion of curing {unknown}
 k - a potion of cancellation {unknown}
 m - a potion of brilliance {unknown}
 o - 2 potions of ambrosia {unknown}
 v - 2 potions of mutation {unknown}
Comestibles
 f - 2 bread rations
 h - a beef jerky
 r - a meat ration
 z - 11 chunks of flesh


   Skills:
 - Level 3.2 Fighting
 + Level 8.0 Polearms
 - Level 2.1 Armour
 - Level 3.0 Shields


You had 4 spell levels left.
You didn't know any spells.

Dungeon Overview and Level Annotations

Branches:
Dungeon (3/15)

Altars:
Ashenzari
Ru


Message History

The orc is in the way.
You hit the orc.
You kill the orc!
The orc priest calls down the wrath of Beogh upon you.
Beogh smites you!
* * * LOW HITPOINT WARNING * * *
Attack whom?
Press: ? - help, Dir - move target cursor, f/p - orc priest
Aim: an orc priest, wielding a short sword and wearing a scale mail (heavily wounded)
You hit the orc priest but do no damage.
The orc priest is heavily wounded.
The orc priest begins to cast a cantrip, but forgets the words!
The orc priest mumbles some strange prayers to Beogh against you.
Pain shoots through your body!
* * * LOW HITPOINT WARNING * * *
Things that are here:
a spear; a throwing net The orc priest miscasts a cantrip.
The orc priest invokes the aid of Beogh against you.
Beogh smites you!
You die...

# #..#..# #######.###.##
#...oo.o# #..## #w#######
##([## #w# ##(.# #o# ##.#
##.# #.########
#####..############.#......<
#......o...@..........######
#.....#############..###
#..#### ##.).#### ##..#
#####....##
#...###############..........
#....(.......)......######...
#.......)...<).......))......
#...######################...
#...# ####


You could see an orc priest.

Vanquished Creatures
  An orc priest (D:3)
  3 adders (D:2)
  3 gnolls (D:3)
  An ooze (D:2)
  2 worms
  3 dart slugs
  2 leopard geckos (D:1)
  11 orcs (D:3)
  2 giant cockroaches (D:2)
  3 goblins
  6 hobgoblins
  5 kobolds
  A quokka (D:3)
  5 bats
  4 frilled lizards
  2 rats
54 creatures vanquished.

Notes
Turn   | Place    | Note
-------+----------+-------------------------------------------
     0 | D:1      | ChaseSP the Merfolk Fighter began the quest for the Orb.
     0 | D:1      | Reached XP level 1. HP: 18/18 MP: 1/1
   228 | D:1      | Reached skill level 4 in Polearms
   228 | D:1      | Reached XP level 2. HP: 24/24 MP: 2/2
   261 | D:1      | Found a shattered altar of Ashenzari.
   901 | D:2      | Reached XP level 3. HP: 28/29 MP: 3/3
   921 | D:2      | Reached skill level 5 in Polearms
  1192 | D:2      | Found a sacrificial altar of Ru.
  1295 | D:2      | Reached skill level 6 in Polearms
  1295 | D:2      | Reached XP level 4. HP: 33/35 MP: 4/4
  1841 | D:3      | Reached skill level 7 in Polearms
  2123 | D:3      | Reached XP level 5. HP: 41/41 MP: 5/5
  2346 | D:3      | Reached skill level 8 in Polearms
  2349 | D:3      | HP: 2/41 [orc priest/nerve-wracking pain (2)]
  2356 | D:3      | Killed from afar by an orc priest

Skill      XL: |  1  2  3  4  5 |
---------------+----------------+-----
Polearms       | 4 6 7 8 |  8.0
Fighting       | |  3.2
Armour         | |  2.1
Shields        | |  3.0

Action                   |  1- 3 |  4- 6 || total
-------------------------+-------+-------++-------
Melee: Trident           |    98 |   115 ||   213
Throw: Tomahawk          |       |     1 ||     1
  Eat: Chunk             |     1 |     4 ||     5
Armor: Scale mail        |    30 |    34 ||    64
Dodge: Dodged            |    30 |    43 ||    73
Block: Shield            |    25 |    37 ||    62
